| Goals | Penalties |
1. Predators , Reilly Smith 20 (Logan Couture 35, Alex Tuch 16) at 19:05
|
Jacob Middleton (VAN) for Holding (Minor) at 5:12 Nikita Zaitsev (VAN) for Slashing (Minor) at 9:30 Alex Killorn (NSH) for Tripping (Minor) at 15:43
|
2. Canucks , Nico Hischier 19 (Joel Farabee 14, Nikita Zaitsev 14) at 3:17 (PP)
3. Canucks , Auston Matthews 22 (Dougie Hamilton 23, Teuvo Teravainen 23) at 3:34
|
Roman Josi (NSH) for Interference (Minor) at 2:33 Erik Cernak (NSH) for Tripping (Minor) at 5:45 Erik Cernak (NSH) for Fighting (Major) at 12:18 Yanni Gourde (VAN) for Fighting (Major) at 12:18 Nikita Zaitsev (VAN) for Hooking (Minor) at 19:32
|
4. Predators , Alex Tuch 18 (Zach Werenski 26, Roman Josi 46) at 5:13 (PP)
|
Nikita Zaitsev (VAN) for Holding (Minor) at 4:34 Joel Farabee (VAN) for High sticking (Minor) at 9:06
|
No Goal
|
|
Canucks, Dougie Hamilton - Stopped by Andrei Vasilevskiy
Predators, Sam Reinhart - Stopped by Jacob Markstrom
Canucks, Mikko Rantanen - Goal!
Predators, Logan Couture - Goal!
Canucks, Tyler Bozak - Stopped by Andrei Vasilevskiy
Predators, Alex Killorn - Stopped by Jacob Markstrom
Canucks, Nick Bonino - Goal!
Predators, Adrian Kempe - Stopped by Jacob Markstrom
|
|
|
Jacob Markstrom (VAN), 32 saves from 34 shots - (0.941), W, 26-12-2, 65:00 minutes
Andrei Vasilevskiy (NSH), 30 saves from 32 shots - (0.938), OTL, 37-12-2, 65:00 minutes
|
|
1 - Alex Tuch (NSH)
2 - Jacob Markstrom (VAN)
3 - Auston Matthews (VAN)
|
Referees : Peter MacDougall and Michael Markovic
Linesman : Ryan Galloway and Kelsey Mahoney
|
|
Erik Cernak and Yanni Gourde fight to a draw at 12:18 of 2nd period
|
|
Level 1 -- Attendance: 3613 (60.22%) -- Ticket Income $812,925
Level 2 -- Attendance: 3085 (61.70%) -- Ticket Income $509,025
Level 3 -- Attendance: 2108 (52.70%) -- Ticket Income $284,580
Level 4 -- Attendance: 1734 (57.80%) -- Ticket Income $173,400
Luxury Box -- Attendance: 637 (63.70%) -- Ticket Income $191,100
Game was played at the Sommet Center.
Total Attendance: 11177 (58.83%)
Total Ticket Income: $1,971,030
Total Income: $1,971,030
|
| Team Name |
Goals |
Shots |
Shots Attemp |
Shots Blocked |
PIM |
HIT |
PP |
PK |
FO% |
| Canucks |
3 | 32 | 76 | 6 | 15 | 21 | 1 / 3 (33%) | 1 | 50% |
| Predators |
2 | 34 | 54 | 11 | 11 | 19 | 1 / 5 (20%) | 1 | 50% |
Canucks
Predators
Canucks
| 5 vs 5 Forward |
|---|
| Line # | Left Wing | Center | Right Wing | PHY | DF | OF | Wanted % | Time % | Time Play |
| 1 | Teuvo Teravainen | Auston Matthews | Mikko Rantanen | 0 | 1 | 4 | 43 | 33% | 15:20
|
| 2 | Kyle Connor | Nico Hischier | Yanni Gourde | 0 | 2 | 3 | 32 | 31% | 14:21
|
| 3 | Joel Farabee | Nick Bonino | Tyler Bozak | 0 | 3 | 2 | 20 | 24% | 11:06
|
| 4 | Jason Dickinson | Michael McLeod | Logan O'Connor | 0 | 3 | 2 | 5 | 13% | 5:56
|
| 5 vs 5 Defense |
|---|
| Line # | Defense | Defense | | PHY | DF | OF | Wanted % | Time % | Time Play |
| 1 | Nikita Zaitsev | Dougie Hamilton | | 0 | 3 | 2 | 43 | 38% | 17:55
|
| 2 | Jacob Middleton | Nick Leddy | | 0 | 3 | 2 | 38 | 35% | 16:25
|
| 3 | MacKenzie Weegar | Trevor van Riemsdyk | | 0 | 4 | 1 | 19 | 27% | 12:23
|
| 4 | Nikita Zaitsev | Dougie Hamilton | | 0 | 3 | 2 | 0 | 0% | 0:00
|
| Power Play Forward |
|---|
| Line # | Left Wing | Center | Right Wing | PHY | DF | OF | Wanted % | Time % | Time Play |
| 1 | Kyle Connor | Nick Bonino | Mikko Rantanen | 0 | 1 | 4 | 70 | 50% | 2:20
|
| 2 | Yanni Gourde | Nico Hischier | Joel Farabee | 0 | 1 | 4 | 30 | 50% | 2:22
|
| Power Play Defense |
|---|
| Line # | Defense | Defense | | PHY | DF | OF | Wanted % | Time % | Time Play |
| 1 | Nick Leddy | Dougie Hamilton | | 0 | 1 | 4 | 65 | 60% | 2:48
|
| 2 | Trevor van Riemsdyk | Nikita Zaitsev | | 0 | 1 | 4 | 35 | 40% | 1:54
|
| Penalty Kill 4 Players Forward |
|---|
| Line # | Center | Wing | PHY | DF | OF | Wanted % | Time % | Time Play |
| 1 | Mikko Rantanen | Logan O'Connor | 0 | 4 | 1 | 70 | 92% | 7:55
|
| 2 | Nick Bonino | Tyler Bozak | 0 | 4 | 1 | 30 | 8% | 0:40
|
| Penalty Kill 4 Players Defense |
|---|
| Line # | Defense | Defense | PHY | DF | OF | Wanted % | Time % | Time Play |
| 1 | Trevor van Riemsdyk | Nikita Zaitsev | 0 | 4 | 1 | 65 | 78% | 6:41
|
| 2 | Jacob Middleton | Dougie Hamilton | 0 | 4 | 1 | 35 | 22% | 1:54
|
| Penalty Kill 3 Players |
|---|
| Line # | Wing | PHY | DF | OF | Wanted % | Time % | Time Play | Defense | Defense | PHY | DF | OF | Wanted % | Time % | Time Play |
| 1 | Nick Bonino | 0 | 5 | 0 | 60 | 0% | 0:00
| Trevor van Riemsdyk | Nikita Zaitsev | 0 | 5 | 0 | 60 | 0% | 0:00
|
| 2 | Nick Bonino | 0 | 5 | 0 | 40 | 0% | 0:00
| Jacob Middleton | Dougie Hamilton | 0 | 5 | 0 | 40 | 0% | 0:00
|
| 4 vs 4 Forward |
|---|
| Line # | Center | Wing | PHY | DF | OF | Wanted % | Time % | Time Play |
| 1 | Nick Bonino | Mikko Rantanen | 0 | 1 | 4 | 60 | 0% | 0:00
|
| 2 | Nico Hischier | Kyle Connor | 0 | 1 | 4 | 40 | 0% | 0:00
|
| 4 vs 4 Defense |
|---|
| Line # | Defense | | PHY | DF | OF | Wanted % | Time % | Time Play |
| 1 | Nikita Zaitsev | Dougie Hamilton | 0 | 4 | 1 | 60 | 0% | 0:00
|
| 2 | Jacob Middleton | Nick Leddy | 0 | 4 | 1 | 40 | 0% | 0:00
|
| Last Minutes Offensive |
|---|
| Left Wing | Center | Right Wing | Defense | Defense |
| Kyle Connor | Auston Matthews | Mikko Rantanen | Nick Leddy | Dougie Hamilton |
| Last Minutes Defensive |
|---|
| Left Wing | Center | Right Wing | Defense | Defense |
| Nick Bonino | Michael McLeod | Logan O'Connor | Trevor van Riemsdyk | Nikita Zaitsev |
| Time |
|---|
| Total Forward | Total Defense | Last Minutes Offensive | Last Minutes Defensive |
| 60:00 |
60:00 |
0:00 | 0:00 |
| Extra Forwards |
|---|
| Normal | PowerPlay | Penalty Kill |
|
Kyle Connor, Mikko Rantanen, Nick Bonino | Nick Bonino, Kyle Connor | Mikko Rantanen |
| Extra Defensemen |
|---|
| Normal | PowerPlay | Penalty Kill |
|
Dougie Hamilton, Jacob Middleton, Nick Leddy | Nick Leddy, Dougie Hamilton | Nick Leddy |
| Penalty Shots |
|---|
|
Dougie Hamilton, Mikko Rantanen, Tyler Bozak, Nick Bonino, Kyle Connor |
| Goalie |
|---|
| Jacob Markstrom, Alex Nedeljkovic |
| Custom OT Lines Forwards |
|---|
|
Yanni Gourde, Mikko Rantanen, Kyle Connor, Nico Hischier, Logan O'Connor, Jason Dickinson, Nick Bonino, Joel Farabee, Auston Matthews, Tyler Bozak |
| Custom OT Lines Defensemen |
|---|
|
Trevor van Riemsdyk, Dougie Hamilton, Nikita Zaitsev, Nick Leddy, Jacob Middleton |
| Scratches |
|---|
|
Michael McCarron (Healthy), Matt Kiersted (Healthy), Joey Daccord (Healthy) |
Predators
| 5 vs 5 Forward |
|---|
| Line # | Left Wing | Center | Right Wing | PHY | DF | OF | Wanted % | Time % | Time Play |
| 1 | Alex Killorn | Sam Reinhart | Adrian Kempe | 1 | 2 | 2 | 40 | 35% | 16:33
|
| 2 | Alex Tuch | Logan Couture | Reilly Smith | 1 | 2 | 2 | 30 | 30% | 13:53
|
| 3 | Brandon Hagel | Adam Henrique | Mason Marchment | 1 | 2 | 2 | 20 | 23% | 10:52
|
| 4 | Dominik Kubalik | Dylan Cozens | Danton Heinen | 1 | 2 | 2 | 10 | 12% | 5:25
|
| 5 vs 5 Defense |
|---|
| Line # | Defense | Defense | | PHY | DF | OF | Wanted % | Time % | Time Play |
| 1 | Roman Josi | Zach Werenski | | 1 | 2 | 2 | 40 | 35% | 16:23
|
| 2 | Erik Cernak | Justin Schultz | | 1 | 2 | 2 | 30 | 37% | 17:11
|
| 3 | Travis Dermott | Dennis Cholowski | | 1 | 2 | 2 | 20 | 27% | 12:46
|
| 4 | Roman Josi | Zach Werenski | | 1 | 2 | 2 | 10 | 1% | 0:23
|
| Power Play Forward |
|---|
| Line # | Left Wing | Center | Right Wing | PHY | DF | OF | Wanted % | Time % | Time Play |
| 1 | Alex Killorn | Sam Reinhart | Adrian Kempe | 1 | 2 | 2 | 60 | 43% | 3:43
|
| 2 | Alex Tuch | Logan Couture | Reilly Smith | 1 | 2 | 2 | 40 | 57% | 4:52
|
| Power Play Defense |
|---|
| Line # | Defense | Defense | | PHY | DF | OF | Wanted % | Time % | Time Play |
| 1 | Roman Josi | Zach Werenski | | 1 | 2 | 2 | 60 | 64% | 5:29
|
| 2 | Erik Cernak | Justin Schultz | | 1 | 2 | 2 | 40 | 36% | 3:06
|
| Penalty Kill 4 Players Forward |
|---|
| Line # | Center | Wing | PHY | DF | OF | Wanted % | Time % | Time Play |
| 1 | Sam Reinhart | Logan Couture | 1 | 2 | 2 | 60 | 68% | 3:11
|
| 2 | Alex Killorn | Adrian Kempe | 1 | 2 | 2 | 40 | 32% | 1:31
|
| Penalty Kill 4 Players Defense |
|---|
| Line # | Defense | Defense | PHY | DF | OF | Wanted % | Time % | Time Play |
| 1 | Roman Josi | Zach Werenski | 1 | 2 | 2 | 60 | 60% | 2:49
|
| 2 | Erik Cernak | Justin Schultz | 1 | 2 | 2 | 40 | 40% | 1:53
|
| Penalty Kill 3 Players |
|---|
| Line # | Wing | PHY | DF | OF | Wanted % | Time % | Time Play | Defense | Defense | PHY | DF | OF | Wanted % | Time % | Time Play |
| 1 | Sam Reinhart | 1 | 2 | 2 | 60 | 0% | 0:00
| Roman Josi | Zach Werenski | 1 | 2 | 2 | 60 | 0% | 0:00
|
| 2 | Logan Couture | 1 | 2 | 2 | 40 | 0% | 0:00
| Erik Cernak | Justin Schultz | 1 | 2 | 2 | 40 | 0% | 0:00
|
| 4 vs 4 Forward |
|---|
| Line # | Center | Wing | PHY | DF | OF | Wanted % | Time % | Time Play |
| 1 | Sam Reinhart | Logan Couture | 1 | 2 | 2 | 60 | 0% | 0:00
|
| 2 | Alex Killorn | Adrian Kempe | 1 | 2 | 2 | 40 | 0% | 0:00
|
| 4 vs 4 Defense |
|---|
| Line # | Defense | | PHY | DF | OF | Wanted % | Time % | Time Play |
| 1 | Roman Josi | Zach Werenski | 1 | 2 | 2 | 60 | 0% | 0:00
|
| 2 | Erik Cernak | Justin Schultz | 1 | 2 | 2 | 40 | 0% | 0:00
|
| Last Minutes Offensive |
|---|
| Left Wing | Center | Right Wing | Defense | Defense |
| Alex Killorn | Sam Reinhart | Adrian Kempe | Roman Josi | Zach Werenski |
| Last Minutes Defensive |
|---|
| Left Wing | Center | Right Wing | Defense | Defense |
| Alex Killorn | Sam Reinhart | Adrian Kempe | Roman Josi | Zach Werenski |
| Time |
|---|
| Total Forward | Total Defense | Last Minutes Offensive | Last Minutes Defensive |
| 60:00 |
60:00 |
0:00 | 0:00 |
| Extra Forwards |
|---|
| Normal | PowerPlay | Penalty Kill |
|
Adam Henrique, Brandon Hagel, Mason Marchment | Adam Henrique, Brandon Hagel | Mason Marchment |
| Extra Defensemen |
|---|
| Normal | PowerPlay | Penalty Kill |
|
Travis Dermott, Dennis Cholowski, Erik Cernak | Travis Dermott, Dennis Cholowski | Erik Cernak |
| Penalty Shots |
|---|
|
Sam Reinhart, Logan Couture, Alex Killorn, Adrian Kempe, Alex Tuch |
| Goalie |
|---|
| Andrei Vasilevskiy, Spencer Knight |
| Custom OT Lines Forwards |
|---|
|
Sam Reinhart, Logan Couture, Alex Killorn, Adrian Kempe, Alex Tuch, Adam Henrique, Reilly Smith, Brandon Hagel, Mason Marchment, Dylan Cozens |
| Custom OT Lines Defensemen |
|---|
|
Roman Josi, Zach Werenski, Erik Cernak, Justin Schultz, Travis Dermott |
Play-by-Play
1st period
0:01 of 1st period - Mikko Rantanen wins face-off versus Sam Reinhart in neutral zone.
0:09 of 1st period - Icing by Roman Josi.
0:10 of 1st period - Nico Hischier wins face-off versus Sam Reinhart in Predators zone.
0:11 of 1st period - Shot by Yanni Gourde.
0:11 of 1st period - Stopped by Andrei Vasilevskiy without a rebound.
0:12 of 1st period - Alex Tuch wins face-off versus Nick Bonino in Predators zone.
0:35 of 1st period - Shot by Logan Couture.
0:35 of 1st period - Shot Misses the Net.
1:09 of 1st period - Shot by Sam Reinhart.
1:09 of 1st period - Stopped by Jacob Markstrom without a rebound.
1:10 of 1st period - Nico Hischier wins face-off versus Brandon Hagel in Canucks zone.
1:36 of 1st period - Shot by Yanni Gourde.
1:36 of 1st period - Deflect By Kyle Connor.
1:36 of 1st period - Stopped by Andrei Vasilevskiy without a rebound.
1:37 of 1st period - Sam Reinhart wins face-off versus Auston Matthews in Predators zone.
1:37 of 1st period - Sam Reinhart is hit by Mikko Rantanen.
1:42 of 1st period - Zach Werenski is hit by MacKenzie Weegar and loses puck.
3:45 of 1st period - Shot by Logan O'Connor.
3:45 of 1st period - Stopped by Andrei Vasilevskiy without a rebound.
3:46 of 1st period - Logan Couture wins face-off versus Auston Matthews in Predators zone.
4:05 of 1st period - Shot by Teuvo Teravainen.
4:05 of 1st period - Deflect By Mikko Rantanen.
4:05 of 1st period - Shot Misses the Net.
4:25 of 1st period - Shot by Auston Matthews.
4:25 of 1st period - Shot Misses the Net.
4:32 of 1st period - Icing by Erik Cernak.
4:33 of 1st period - Nick Bonino wins face-off versus Logan Couture in Predators zone.
4:42 of 1st period - Shot by Joel Farabee.
4:42 of 1st period - Deflect By Nick Bonino.
4:42 of 1st period - Stopped by Andrei Vasilevskiy without a rebound.
4:43 of 1st period - Nico Hischier wins face-off versus Sam Reinhart in Predators zone.
4:48 of 1st period - Shot by Yanni Gourde.
4:48 of 1st period - Stopped by Andrei Vasilevskiy with a rebound.
5:12 of 1st period - Minor Penalty to Jacob Middleton for Holding.
5:13 of 1st period - Logan Couture wins face-off versus Mikko Rantanen in Canucks zone.
5:32 of 1st period - Shot by Reilly Smith.
5:32 of 1st period - Stopped by Jacob Markstrom without a rebound.
5:33 of 1st period - Sam Reinhart wins face-off versus Mikko Rantanen in Canucks zone.
5:40 of 1st period - Shot by Alex Killorn.
5:40 of 1st period - Stopped by Jacob Markstrom without a rebound.
5:41 of 1st period - Sam Reinhart wins face-off versus Mikko Rantanen in Canucks zone.
6:06 of 1st period - Shot by Alex Killorn.
6:06 of 1st period - Stopped by Jacob Markstrom without a rebound.
6:07 of 1st period - Logan Couture wins face-off versus Mikko Rantanen in Canucks zone.
6:23 of 1st period - Icing by Alex Tuch.
6:24 of 1st period - Reilly Smith wins face-off versus Logan O'Connor in Predators zone.
6:30 of 1st period - Icing by Logan Couture.
6:31 of 1st period - Logan Couture wins face-off versus Mikko Rantanen in Predators zone.
6:40 of 1st period - Shot by Mikko Rantanen.
6:40 of 1st period - Shot Misses the Net.
6:59 of 1st period - Icing by Roman Josi.
7:00 of 1st period - Logan Couture wins face-off versus Mikko Rantanen in Predators zone.
7:53 of 1st period - Shot by Nico Hischier.
7:53 of 1st period - Shot Misses the Net.
8:02 of 1st period - Justin Schultz is hit by Joel Farabee and loses puck.
8:13 of 1st period - Shot by Joel Farabee.
8:13 of 1st period - Shot Misses the Net.
8:19 of 1st period - Shot by Nick Bonino.
8:19 of 1st period - Shot Misses the Net.
8:37 of 1st period - Shot by Joel Farabee.
8:37 of 1st period - Shot Misses the Net.
8:48 of 1st period - Icing by Trevor van Riemsdyk.
8:49 of 1st period - Adam Henrique wins face-off versus Auston Matthews in Canucks zone.
8:52 of 1st period - Shot by Brandon Hagel.
8:52 of 1st period - Stopped by Jacob Markstrom with a rebound.
8:54 of 1st period - Shot by Adam Henrique.
8:54 of 1st period - Deflect By Brandon Hagel.
8:54 of 1st period - Shot Misses the Net.
8:56 of 1st period - Shot by Brandon Hagel.
8:56 of 1st period - Shot Blocked by MacKenzie Weegar.
9:04 of 1st period - Shot by Mason Marchment.
9:04 of 1st period - Deflect By Brandon Hagel.
9:04 of 1st period - Shot Misses the Net.
9:06 of 1st period - Shot by Zach Werenski.
9:06 of 1st period - Stopped by Jacob Markstrom without a rebound.
9:07 of 1st period - Logan Couture wins face-off versus Nico Hischier in Canucks zone.
9:08 of 1st period - Shot by Reilly Smith.
9:08 of 1st period - Stopped by Jacob Markstrom without a rebound.
9:09 of 1st period - Alex Tuch wins face-off versus Auston Matthews in Canucks zone.
9:28 of 1st period - Shot by Logan Couture.
9:28 of 1st period - Stopped by Jacob Markstrom without a rebound.
9:29 of 1st period - Adam Henrique wins face-off versus Nico Hischier in Canucks zone.
9:29 of 1st period - Adam Henrique is hit by Nikita Zaitsev.
9:30 of 1st period - Minor Penalty to Nikita Zaitsev for Slashing.
9:31 of 1st period - Mikko Rantanen wins face-off versus Logan Couture in Canucks zone.
11:30 of 1st period - Shot by Adam Henrique.
11:30 of 1st period - Shot Misses the Net.
11:32 of 1st period - Shot by Travis Dermott.
11:32 of 1st period - Shot Misses the Net.
11:34 of 1st period - Shot by Dominik Kubalik.
11:34 of 1st period - Stopped by Jacob Markstrom without a rebound.
11:35 of 1st period - Adam Henrique wins face-off versus Yanni Gourde in Canucks zone.
11:36 of 1st period - Shot by Brandon Hagel.
11:36 of 1st period - Stopped by Jacob Markstrom without a rebound.
11:37 of 1st period - Adam Henrique wins face-off versus Nico Hischier in Canucks zone.
11:41 of 1st period - Mason Marchment is hit by Nikita Zaitsev and loses puck.
11:45 of 1st period - Adam Henrique is hit by Nikita Zaitsev and loses puck.
11:59 of 1st period - Kyle Connor is hit by Travis Dermott.
12:02 of 1st period - Nico Hischier is hit by Travis Dermott and loses puck.
13:02 of 1st period - Icing by Nick Bonino.
13:03 of 1st period - Nick Bonino wins face-off versus Sam Reinhart in Canucks zone.
13:42 of 1st period - Shot by Alex Killorn.
13:42 of 1st period - Stopped by Jacob Markstrom without a rebound.
13:43 of 1st period - Michael McLeod wins face-off versus Logan Couture in Canucks zone.
14:02 of 1st period - Logan Couture is hit by Jason Dickinson and loses puck.
14:23 of 1st period - Reilly Smith is hit by Michael McLeod and loses puck.
14:36 of 1st period - Shot by Teuvo Teravainen.
14:36 of 1st period - Shot Misses the Net.
14:50 of 1st period - Shot by Mikko Rantanen.
14:50 of 1st period - Stopped by Andrei Vasilevskiy with a rebound.
15:43 of 1st period - Minor Penalty to Alex Killorn for Tripping.
15:44 of 1st period - Nico Hischier wins face-off versus Mason Marchment in Predators zone.
15:44 of 1st period - Nico Hischier is hit by Zach Werenski.
15:48 of 1st period - Shot by Yanni Gourde.
15:48 of 1st period - Shot Blocked by Zach Werenski.
15:57 of 1st period - Nico Hischier is hit by Zach Werenski and loses puck.
16:06 of 1st period - Shot by Nico Hischier.
16:06 of 1st period - Stopped by Andrei Vasilevskiy without a rebound.
16:07 of 1st period - Sam Reinhart wins face-off versus Nick Bonino in Predators zone.
16:24 of 1st period - Shot by Nick Bonino.
16:24 of 1st period - Stopped by Andrei Vasilevskiy without a rebound.
16:25 of 1st period - Sam Reinhart wins face-off versus Nico Hischier in Predators zone.
18:10 of 1st period - Shot by Michael McLeod.
18:10 of 1st period - Stopped by Andrei Vasilevskiy without a rebound.
18:11 of 1st period - Auston Matthews wins face-off versus Danton Heinen in Predators zone.
18:14 of 1st period - Shot by Mikko Rantanen.
18:14 of 1st period - Shot Misses the Net.
19:05 of 1st period - Shot by Reilly Smith.
19:05 of 1st period - Goal by Reilly Smith - Canucks : 0 - Predators : 1.
19:06 of 1st period - Sam Reinhart wins face-off versus Nico Hischier in neutral zone.
19:10 of 1st period - Off-side.
19:11 of 1st period - Sam Reinhart wins face-off versus Nico Hischier in neutral zone.
19:23 of 1st period - Shot by Kyle Connor.
19:23 of 1st period - Shot Misses the Net.
Goals for this period are 0 for Canucks vs 1 for Predators.
Shots for this period are 9 for Canucks vs 12 for Predators.
2nd period
0:01 of 2nd period - Alex Killorn wins face-off versus Auston Matthews in neutral zone.
0:08 of 2nd period - Shot by Sam Reinhart.
0:08 of 2nd period - Shot Hit the Post.
1:17 of 2nd period - Shot by Mason Marchment.
1:17 of 2nd period - Shot Misses the Net.
1:31 of 2nd period - Shot by Adam Henrique.
1:31 of 2nd period - Shot Blocked by Jacob Middleton.
1:44 of 2nd period - Icing by Nico Hischier.
1:45 of 2nd period - Nico Hischier wins face-off versus Logan Couture in Canucks zone.
2:09 of 2nd period - Shot by Reilly Smith.
2:09 of 2nd period - Stopped by Jacob Markstrom with a rebound.
2:11 of 2nd period - Shot by Alex Tuch.
2:11 of 2nd period - Stopped by Jacob Markstrom without a rebound.
2:12 of 2nd period - Dylan Cozens wins face-off versus Auston Matthews in Canucks zone.
2:12 of 2nd period - Roman Josi is hit by Nikita Zaitsev and loses puck.
2:19 of 2nd period - Shot by Dominik Kubalik.
2:19 of 2nd period - Stopped by Jacob Markstrom without a rebound.
2:20 of 2nd period - Auston Matthews wins face-off versus Sam Reinhart in Canucks zone.
2:32 of 2nd period - Shot by Teuvo Teravainen.
2:32 of 2nd period - Stopped by Andrei Vasilevskiy without a rebound.
2:33 of 2nd period - Nick Bonino wins face-off versus Logan Couture in Predators zone.
2:33 of 2nd period - Minor Penalty to Roman Josi for Interference.
2:34 of 2nd period - Nick Bonino wins face-off versus Sam Reinhart in Predators zone.
3:03 of 2nd period - Shot by Dougie Hamilton.
3:03 of 2nd period - Deflect By Mikko Rantanen.
3:03 of 2nd period - Stopped by Andrei Vasilevskiy without a rebound.
3:04 of 2nd period - Sam Reinhart wins face-off versus Nico Hischier in Predators zone.
3:15 of 2nd period - Shot by Joel Farabee.
3:15 of 2nd period - Shot Misses the Net.
3:17 of 2nd period - Shot by Nico Hischier.
3:17 of 2nd period - Goal by Nico Hischier - Canucks : 1 - Predators : 1.
3:18 of 2nd period - Adam Henrique wins face-off versus Auston Matthews in neutral zone.
3:34 of 2nd period - Shot by Auston Matthews.
3:34 of 2nd period - Goal by Auston Matthews - Canucks : 2 - Predators : 1.
3:35 of 2nd period - Dylan Cozens wins face-off versus Nick Bonino in neutral zone.
3:43 of 2nd period - Danton Heinen is hit by Jacob Middleton and loses puck.
3:49 of 2nd period - Dominik Kubalik is hit by Jacob Middleton and loses puck.
4:00 of 2nd period - Shot by Justin Schultz.
4:00 of 2nd period - Stopped by Jacob Markstrom without a rebound.
4:01 of 2nd period - Auston Matthews wins face-off versus Sam Reinhart in Canucks zone.
4:10 of 2nd period - Shot by Sam Reinhart.
4:10 of 2nd period - Stopped by Jacob Markstrom without a rebound.
4:11 of 2nd period - Logan Couture wins face-off versus Auston Matthews in Canucks zone.
4:12 of 2nd period - Shot by Alex Tuch.
4:12 of 2nd period - Stopped by Jacob Markstrom without a rebound.
4:13 of 2nd period - Mikko Rantanen wins face-off versus Sam Reinhart in Canucks zone.
4:13 of 2nd period - Mikko Rantanen is hit by Adrian Kempe.
4:22 of 2nd period - Teuvo Teravainen is hit by Zach Werenski and loses puck.
5:45 of 2nd period - Minor Penalty to Erik Cernak for Tripping.
5:46 of 2nd period - Sam Reinhart wins face-off versus Nico Hischier in Predators zone.
6:01 of 2nd period - Shot by Yanni Gourde.
6:01 of 2nd period - Shot Misses the Net.
6:03 of 2nd period - Shot by Yanni Gourde.
6:03 of 2nd period - Shot Misses the Net.
6:05 of 2nd period - Shot by Jacob Middleton.
6:05 of 2nd period - Stopped by Andrei Vasilevskiy without a rebound.
6:06 of 2nd period - Alex Killorn wins face-off versus Yanni Gourde in Predators zone.
6:27 of 2nd period - Shot by Jacob Middleton.
6:27 of 2nd period - Shot Misses the Net.
6:29 of 2nd period - Shot by Jacob Middleton.
6:29 of 2nd period - Shot Misses the Net.
6:31 of 2nd period - Shot by Jacob Middleton.
6:31 of 2nd period - Shot Blocked by Dennis Cholowski.
6:33 of 2nd period - Shot by Nick Leddy.
6:33 of 2nd period - Stopped by Andrei Vasilevskiy without a rebound.
6:34 of 2nd period - Kyle Connor wins face-off versus Alex Killorn in Predators zone.
6:37 of 2nd period - Shot by Mikko Rantanen.
6:37 of 2nd period - Stopped by Andrei Vasilevskiy with a rebound.
6:58 of 2nd period - Icing by Nick Bonino.
6:59 of 2nd period - Nick Bonino wins face-off versus Alex Killorn in Canucks zone.
7:06 of 2nd period - Shot by Kyle Connor.
7:06 of 2nd period - Shot Blocked by Adrian Kempe.
7:37 of 2nd period - Icing by Nico Hischier.
7:38 of 2nd period - Nico Hischier wins face-off versus Alex Killorn in Canucks zone.
7:42 of 2nd period - Icing by Dougie Hamilton.
7:43 of 2nd period - Nico Hischier wins face-off versus Alex Killorn in Canucks zone.
7:45 of 2nd period - Icing by Joel Farabee.
7:46 of 2nd period - Adam Henrique wins face-off versus Michael McLeod in Canucks zone.
7:46 of 2nd period - Roman Josi is hit by Dougie Hamilton.
8:58 of 2nd period - Jason Dickinson is hit by Adrian Kempe and loses puck.
9:05 of 2nd period - Shot by Sam Reinhart.
9:05 of 2nd period - Shot Misses the Net.
9:49 of 2nd period - Icing by Trevor van Riemsdyk.
9:50 of 2nd period - Nico Hischier wins face-off versus Logan Couture in Canucks zone.
10:05 of 2nd period - MacKenzie Weegar is hit by Logan Couture and loses puck.
10:13 of 2nd period - Off-side.
10:14 of 2nd period - Adam Henrique wins face-off versus Auston Matthews in neutral zone.
10:28 of 2nd period - Nick Leddy is hit by Dennis Cholowski.
10:33 of 2nd period - Auston Matthews is hit by Travis Dermott and loses puck.
11:28 of 2nd period - Shot by Logan Couture.
11:28 of 2nd period - Stopped by Jacob Markstrom with a rebound.
11:49 of 2nd period - Icing by Logan Couture.
11:50 of 2nd period - Nico Hischier wins face-off versus Logan Couture in Predators zone.
12:18 of 2nd period - Erik Cernak and Yanni Gourde fight to a draw.
12:18 of 2nd period - Penalty to Erik Cernak for Fighting.
12:18 of 2nd period - Penalty to Yanni Gourde for Fighting.
12:19 of 2nd period - Michael McLeod wins face-off versus Dylan Cozens in Predators zone.
13:18 of 2nd period - Adrian Kempe is hit by Mikko Rantanen.
13:22 of 2nd period - Adrian Kempe is hit by Mikko Rantanen and loses puck.
13:45 of 2nd period - Shot by Adrian Kempe.
13:45 of 2nd period - Shot Misses the Net.
14:15 of 2nd period - Shot by Nick Bonino.
14:15 of 2nd period - Shot Misses the Net.
14:17 of 2nd period - Shot by Nico Hischier.
14:17 of 2nd period - Deflect By Kyle Connor.
14:17 of 2nd period - Stopped by Andrei Vasilevskiy without a rebound.
14:18 of 2nd period - Logan Couture wins face-off versus Tyler Bozak in Predators zone.
14:39 of 2nd period - Shot by Joel Farabee.
14:39 of 2nd period - Shot Blocked by Alex Tuch.
15:11 of 2nd period - Brandon Hagel is hit by MacKenzie Weegar and loses puck.
15:33 of 2nd period - Icing by MacKenzie Weegar.
15:34 of 2nd period - Dylan Cozens wins face-off versus Nico Hischier in Canucks zone.
16:00 of 2nd period - Danton Heinen is hit by Nikita Zaitsev and loses puck.
16:44 of 2nd period - Icing by Nick Leddy.
16:45 of 2nd period - Nick Bonino wins face-off versus Logan Couture in Canucks zone.
17:17 of 2nd period - Shot by Joel Farabee.
17:17 of 2nd period - Stopped by Andrei Vasilevskiy without a rebound.
17:18 of 2nd period - Adam Henrique wins face-off versus Auston Matthews in Predators zone.
17:18 of 2nd period - Adam Henrique is hit by Mikko Rantanen.
17:51 of 2nd period - Shot by MacKenzie Weegar.
17:51 of 2nd period - Stopped by Andrei Vasilevskiy without a rebound.
17:52 of 2nd period - Nico Hischier wins face-off versus Sam Reinhart in Predators zone.
18:09 of 2nd period - Shot by Kyle Connor.
18:09 of 2nd period - Deflect By Nico Hischier.
18:09 of 2nd period - Stopped by Andrei Vasilevskiy without a rebound.
18:10 of 2nd period - Nick Bonino wins face-off versus Logan Couture in Predators zone.
18:25 of 2nd period - Tyler Bozak is hit by Logan Couture and loses puck.
19:15 of 2nd period - Shot by Alex Killorn.
19:15 of 2nd period - Stopped by Jacob Markstrom without a rebound.
19:16 of 2nd period - Nico Hischier wins face-off versus Adam Henrique in Canucks zone.
19:32 of 2nd period - Minor Penalty to Nikita Zaitsev for Hooking.
19:33 of 2nd period - Mikko Rantanen wins face-off versus Sam Reinhart in Canucks zone.
Goals for this period are 2 for Canucks vs 0 for Predators.
Shots for this period are 11 for Canucks vs 8 for Predators.
3rd period
0:01 of 3rd period - Sam Reinhart wins face-off versus Mikko Rantanen in neutral zone.
0:22 of 3rd period - Shot by Mikko Rantanen.
0:22 of 3rd period - Shot Misses the Net.
1:16 of 3rd period - Icing by Alex Tuch.
1:17 of 3rd period - Tyler Bozak wins face-off versus Logan Couture in Predators zone.
1:48 of 3rd period - Shot by Yanni Gourde.
1:48 of 3rd period - Deflect By Kyle Connor.
1:48 of 3rd period - Shot Misses the Net.
2:32 of 3rd period - Shot by Nick Bonino.
2:32 of 3rd period - Shot Misses the Net.
3:08 of 3rd period - Shot by Alex Killorn.
3:08 of 3rd period - Shot Misses the Net.
3:41 of 3rd period - Jacob Middleton is hit by Adrian Kempe and loses puck.
4:25 of 3rd period - Shot by Mikko Rantanen.
4:25 of 3rd period - Shot Misses the Net.
4:27 of 3rd period - Shot by Trevor van Riemsdyk.
4:27 of 3rd period - Stopped by Andrei Vasilevskiy without a rebound.
4:28 of 3rd period - Dylan Cozens wins face-off versus Kyle Connor in Predators zone.
4:34 of 3rd period - Minor Penalty to Nikita Zaitsev for Holding.
4:35 of 3rd period - Mikko Rantanen wins face-off versus Alex Killorn in Canucks zone.
4:44 of 3rd period - Shot by Zach Werenski.
4:44 of 3rd period - Stopped by Jacob Markstrom without a rebound.
4:45 of 3rd period - Mikko Rantanen wins face-off versus Logan Couture in Canucks zone.
4:45 of 3rd period - Mikko Rantanen is hit by Reilly Smith.
5:13 of 3rd period - Shot by Alex Tuch.
5:13 of 3rd period - Goal by Alex Tuch - Canucks : 2 - Predators : 2.
5:14 of 3rd period - Yanni Gourde wins face-off versus Sam Reinhart in neutral zone.
5:40 of 3rd period - Icing by Erik Cernak.
5:41 of 3rd period - Auston Matthews wins face-off versus Sam Reinhart in Predators zone.
6:11 of 3rd period - Shot by Auston Matthews.
6:11 of 3rd period - Shot Misses the Net.
6:30 of 3rd period - Off-side.
6:31 of 3rd period - Nico Hischier wins face-off versus Logan Couture in neutral zone.
7:28 of 3rd period - Icing by Logan Couture.
7:29 of 3rd period - Auston Matthews wins face-off versus Logan Couture in Predators zone.
7:29 of 3rd period - Mikko Rantanen is hit by Roman Josi and loses puck.
7:32 of 3rd period - Shot by Teuvo Teravainen.
7:32 of 3rd period - Stopped by Andrei Vasilevskiy without a rebound.
7:33 of 3rd period - Auston Matthews wins face-off versus Adam Henrique in Predators zone.
7:33 of 3rd period - Dougie Hamilton is hit by Dennis Cholowski and loses puck.
7:37 of 3rd period - Icing by Travis Dermott.
7:38 of 3rd period - Auston Matthews wins face-off versus Adam Henrique in Predators zone.
7:49 of 3rd period - Shot by Teuvo Teravainen.
7:49 of 3rd period - Shot Misses the Net.
7:51 of 3rd period - Shot by Nikita Zaitsev.
7:51 of 3rd period - Shot Blocked by Travis Dermott.
7:56 of 3rd period - Mikko Rantanen is hit by Travis Dermott and loses puck.
8:40 of 3rd period - Shot by Nico Hischier.
8:40 of 3rd period - Shot Misses the Net.
8:42 of 3rd period - Shot by Yanni Gourde.
8:42 of 3rd period - Deflect By Kyle Connor.
8:42 of 3rd period - Shot Misses the Net.
8:44 of 3rd period - Shot by Jacob Middleton.
8:44 of 3rd period - Shot Misses the Net.
8:46 of 3rd period - Shot by Jacob Middleton.
8:46 of 3rd period - Stopped by Andrei Vasilevskiy without a rebound.
8:47 of 3rd period - Nick Bonino wins face-off versus Sam Reinhart in Predators zone.
9:06 of 3rd period - Minor Penalty to Joel Farabee for High sticking.
9:07 of 3rd period - Logan Couture wins face-off versus Mikko Rantanen in Canucks zone.
9:59 of 3rd period - Icing by Roman Josi.
10:00 of 3rd period - Sam Reinhart wins face-off versus Tyler Bozak in Predators zone.
10:25 of 3rd period - Off-side.
10:26 of 3rd period - Logan Couture wins face-off versus Mikko Rantanen in neutral zone.
10:46 of 3rd period - Shot by Alex Tuch.
10:46 of 3rd period - Stopped by Jacob Markstrom without a rebound.
10:47 of 3rd period - Sam Reinhart wins face-off versus Mikko Rantanen in Canucks zone.
11:00 of 3rd period - Shot by Alex Killorn.
11:00 of 3rd period - Stopped by Jacob Markstrom with a rebound.
11:32 of 3rd period - Shot by Brandon Hagel.
11:32 of 3rd period - Shot Misses the Net.
11:34 of 3rd period - Shot by Adam Henrique.
11:34 of 3rd period - Stopped by Jacob Markstrom without a rebound.
11:35 of 3rd period - Nico Hischier wins face-off versus Sam Reinhart in Canucks zone.
11:45 of 3rd period - Yanni Gourde is hit by Zach Werenski and loses puck.
11:58 of 3rd period - Shot by Kyle Connor.
11:58 of 3rd period - Shot Blocked by Adrian Kempe.
12:00 of 3rd period - Shot by Kyle Connor.
12:00 of 3rd period - Stopped by Andrei Vasilevskiy without a rebound.
12:01 of 3rd period - Logan Couture wins face-off versus Michael McLeod in Predators zone.
12:09 of 3rd period - Shot by Trevor van Riemsdyk.
12:09 of 3rd period - Shot Misses the Net.
12:11 of 3rd period - Shot by Jason Dickinson.
12:11 of 3rd period - Stopped by Andrei Vasilevskiy without a rebound.
12:12 of 3rd period - Auston Matthews wins face-off versus Adam Henrique in Predators zone.
12:40 of 3rd period - Shot by Mason Marchment.
12:40 of 3rd period - Shot Blocked by Trevor van Riemsdyk.
12:43 of 3rd period - Icing by MacKenzie Weegar.
12:44 of 3rd period - Sam Reinhart wins face-off versus Mikko Rantanen in Canucks zone.
13:19 of 3rd period - Adrian Kempe is hit by MacKenzie Weegar and loses puck.
13:42 of 3rd period - Shot by Roman Josi.
13:42 of 3rd period - Shot Misses the Net.
14:32 of 3rd period - Shot by Brandon Hagel.
14:32 of 3rd period - Shot Misses the Net.
14:40 of 3rd period - Mason Marchment is hit by Nikita Zaitsev and loses puck.
14:46 of 3rd period - Brandon Hagel is hit by Nikita Zaitsev and loses puck.
14:49 of 3rd period - Shot by Adam Henrique.
14:49 of 3rd period - Shot Blocked by Nikita Zaitsev.
15:07 of 3rd period - Shot by Dylan Cozens.
15:07 of 3rd period - Stopped by Jacob Markstrom without a rebound.
15:08 of 3rd period - Sam Reinhart wins face-off versus Nick Bonino in Canucks zone.
15:15 of 3rd period - Shot by Sam Reinhart.
15:15 of 3rd period - Stopped by Jacob Markstrom without a rebound.
15:16 of 3rd period - Nick Bonino wins face-off versus Sam Reinhart in Canucks zone.
15:20 of 3rd period - Icing by Tyler Bozak.
15:21 of 3rd period - Nick Bonino wins face-off versus Sam Reinhart in Canucks zone.
15:41 of 3rd period - Shot by Tyler Bozak.
15:41 of 3rd period - Stopped by Andrei Vasilevskiy with a rebound.
15:57 of 3rd period - Shot by Joel Farabee.
15:57 of 3rd period - Shot Blocked by Alex Killorn.
15:59 of 3rd period - Shot by Jacob Middleton.
15:59 of 3rd period - Shot Misses the Net.
16:54 of 3rd period - Shot by Nico Hischier.
16:54 of 3rd period - Shot Blocked by Justin Schultz.
17:06 of 3rd period - Shot by Kyle Connor.
17:06 of 3rd period - Stopped by Andrei Vasilevskiy without a rebound.
17:07 of 3rd period - Auston Matthews wins face-off versus Dylan Cozens in Predators zone.
17:17 of 3rd period - Dylan Cozens is hit by Mikko Rantanen and loses puck.
17:22 of 3rd period - Jacob Middleton is hit by Danton Heinen.
17:41 of 3rd period - Shot by Dominik Kubalik.
17:41 of 3rd period - Shot Misses the Net.
17:43 of 3rd period - Shot by Dominik Kubalik.
17:43 of 3rd period - Stopped by Jacob Markstrom without a rebound.
17:44 of 3rd period - Sam Reinhart wins face-off versus Nico Hischier in Canucks zone.
18:01 of 3rd period - Shot by Yanni Gourde.
18:01 of 3rd period - Shot Blocked by Roman Josi.
18:03 of 3rd period - Shot by Yanni Gourde.
18:03 of 3rd period - Stopped by Andrei Vasilevskiy without a rebound.
18:04 of 3rd period - Adam Henrique wins face-off versus Joel Farabee in Predators zone.
18:16 of 3rd period - Shot by Tyler Bozak.
18:16 of 3rd period - Stopped by Andrei Vasilevskiy without a rebound.
18:17 of 3rd period - Adrian Kempe wins face-off versus Auston Matthews in Predators zone.
18:39 of 3rd period - Icing by Jacob Middleton.
18:40 of 3rd period - Logan Couture wins face-off versus Auston Matthews in Canucks zone.
19:01 of 3rd period - Shot by Logan Couture.
19:01 of 3rd period - Deflect By Reilly Smith.
19:01 of 3rd period - Stopped by Jacob Markstrom without a rebound.
19:02 of 3rd period - Nico Hischier wins face-off versus Sam Reinhart in Canucks zone.
19:15 of 3rd period - Shot by Sam Reinhart.
19:15 of 3rd period - Stopped by Jacob Markstrom without a rebound.
19:16 of 3rd period - Nick Bonino wins face-off versus Logan Couture in Canucks zone.
19:26 of 3rd period - Tyler Bozak is hit by Justin Schultz and loses puck.
19:29 of 3rd period - Shot by Joel Farabee.
19:29 of 3rd period - Shot Misses the Net.
19:45 of 3rd period - Shot by Joel Farabee.
19:45 of 3rd period - Deflect By Nick Bonino.
19:45 of 3rd period - Shot Misses the Net.
19:47 of 3rd period - Shot by Nick Bonino.
19:47 of 3rd period - Shot Misses the Net.
19:49 of 3rd period - Shot by Nick Bonino.
19:49 of 3rd period - Deflect By Joel Farabee.
19:49 of 3rd period - Shot Blocked by Erik Cernak.
Goals for this period are 0 for Canucks vs 1 for Predators.
Shots for this period are 9 for Canucks vs 10 for Predators.
Overtime #1
0:01 of 1st overtime period - Logan Couture wins face-off versus Yanni Gourde in neutral zone.
0:03 of 1st overtime period - Off-side.
0:04 of 1st overtime period - Yanni Gourde wins face-off versus Logan Couture in neutral zone.
0:37 of 1st overtime period - Shot by Logan Couture.
0:37 of 1st overtime period - Stopped by Jacob Markstrom without a rebound.
0:38 of 1st overtime period - Adrian Kempe wins face-off versus Nico Hischier in Canucks zone.
0:41 of 1st overtime period - Shot by Alex Killorn.
0:41 of 1st overtime period - Stopped by Jacob Markstrom with a rebound.
0:43 of 1st overtime period - Shot by Alex Killorn.
0:43 of 1st overtime period - Stopped by Jacob Markstrom without a rebound.
0:44 of 1st overtime period - Yanni Gourde wins face-off versus Logan Couture in Canucks zone.
1:28 of 1st overtime period - Icing by Adrian Kempe.
1:29 of 1st overtime period - Nico Hischier wins face-off versus Adrian Kempe in Predators zone.
1:52 of 1st overtime period - Shot by Nico Hischier.
1:52 of 1st overtime period - Shot Blocked by Zach Werenski.
1:54 of 1st overtime period - Shot by Nico Hischier.
1:54 of 1st overtime period - Stopped by Andrei Vasilevskiy without a rebound.
1:55 of 1st overtime period - Mikko Rantanen wins face-off versus Logan Couture in Predators zone.
1:56 of 1st overtime period - Shot by Kyle Connor.
1:56 of 1st overtime period - Deflect By Mikko Rantanen.
1:56 of 1st overtime period - Shot Misses the Net.
2:05 of 1st overtime period - Shot by Logan Couture.
2:05 of 1st overtime period - Stopped by Jacob Markstrom without a rebound.
2:06 of 1st overtime period - Logan Couture wins face-off versus Yanni Gourde in Canucks zone.
3:19 of 1st overtime period - Shot by Kyle Connor.
3:19 of 1st overtime period - Shot Misses the Net.
3:21 of 1st overtime period - Shot by Dougie Hamilton.
3:21 of 1st overtime period - Stopped by Andrei Vasilevskiy without a rebound.
3:22 of 1st overtime period - Jason Dickinson wins face-off versus Adrian Kempe in Predators zone.
3:27 of 1st overtime period - Shot by Logan O'Connor.
3:27 of 1st overtime period - Stopped by Andrei Vasilevskiy without a rebound.
3:28 of 1st overtime period - Adrian Kempe wins face-off versus Yanni Gourde in Predators zone.
3:41 of 1st overtime period - Shot by Adrian Kempe.
3:41 of 1st overtime period - Shot Blocked by Dougie Hamilton.
4:23 of 1st overtime period - Shot by Mikko Rantanen.
4:23 of 1st overtime period - Shot Misses the Net.
4:39 of 1st overtime period - Shot by Sam Reinhart.
4:39 of 1st overtime period - Shot Blocked by Mikko Rantanen.
Goals for this period are 0 for Canucks vs 0 for Predators.
Shots for this period are 3 for Canucks vs 4 for Predators.
ShootOut
5:00 of 1st overtime period - Round #1.
5:00 of 1st overtime period - Canucks, Dougie Hamilton.
5:00 of 1st overtime period - Stopped by Andrei Vasilevskiy.
5:00 of 1st overtime period - Predators, Sam Reinhart.
5:00 of 1st overtime period - Stopped by Jacob Markstrom.
5:00 of 1st overtime period - Round #2.
5:00 of 1st overtime period - Canucks, Mikko Rantanen.
5:00 of 1st overtime period - Goal by Mikko Rantanen.
5:00 of 1st overtime period - Predators, Logan Couture.
5:00 of 1st overtime period - Goal by Logan Couture.
5:00 of 1st overtime period - Round #3.
5:00 of 1st overtime period - Canucks, Tyler Bozak.
5:00 of 1st overtime period - Stopped by Andrei Vasilevskiy.
5:00 of 1st overtime period - Predators, Alex Killorn.
5:00 of 1st overtime period - Stopped by Jacob Markstrom.
5:00 of 1st overtime period - Round #4.
5:00 of 1st overtime period - Canucks, Nick Bonino.
5:00 of 1st overtime period - Goal by Nick Bonino.
5:00 of 1st overtime period - Predators, Adrian Kempe.
5:00 of 1st overtime period - Stopped by Jacob Markstrom.